 Dungeon Crawl Stone Soup version 0.30-a0-799-g109b55a442 (webtiles) character file.

Game seed: 1845368712640239293

136 Aneyh the Trooper (level 5, 0/36 HPs)
             Began as a Tengu Monk on Feb 21, 2023.
             Slain by Ijyb
             ... wielding a +0 dagger
              (5 damage)
             ... on level 3 of the Dungeon.
             The game lasted 00:03:15 (2011 turns).

Aneyh the Trooper (Tengu Monk)                      Turns: 2011, Time: 00:03:16

Health: 0/36       AC:  1    Str: 14    XL:     5   Next: 19%
Magic:  6/6        EV: 15    Int: 10    God:
Gold:   137        SH:  0    Dex: 16    Spells: 4/4 levels left

rFire   . . .      SeeInvis .    a - +0 spear
rCold   . . .      Faith    .    (no shield)
rNeg    . . .      Spirit   .    p - +1 animal skin
rPois   .          Reflect  .    (helmet restricted)
rElec   .          Harm     .    g - +1 cloak
rCorr   .          Rampage  .    (no gloves)
Will    .....                    (boots unavailable)
Stlth   +                        (no amulet)
HPRegen 0.26/turn                (no ring)
MPRegen 0.10/turn                (no ring)

@: confused, ambrosia-drunk, corroded, flying quickly and evasively, quick
A: beak, talons 3, nimble flight
a: no special abilities


You were on level 3 of the Dungeon.
You visited 1 branch of the dungeon, and saw 3 of its levels.

You collected 137 gold pieces.

Inventory:

Hand Weapons
 a - a +0 spear (weapon)
 n - a +1 mace of holy wrath
Missiles
 o - 2 poisoned darts (quivered)
 q - a throwing net
Armour
 b - a +0 robe
 g - a +1 cloak (worn)
 h - a +3 ring mail
 p - a +1 animal skin (worn)
 v - a +1 ring mail of cold resistance
Magical Staves
 m - a staff of air
Wands
 k - a wand of digging (4)
Scrolls
 e - a scroll of identify {unknown}
 i - a scroll of noise {unknown}
 j - a scroll of enchant armour {unknown}
 r - 2 scrolls of teleportation {unknown}
 t - a scroll of immolation {unknown}
 u - a scroll of brand weapon {unknown}
Potions
 c - a potion of ambrosia
 d - 2 potions of magic {unknown}
 f - a potion of mutation {unknown}
 l - a potion of cancellation {unknown}
 s - a potion of curing


   Skills:
 + Level 5.7 Fighting
 - Level 3.2 Polearms
 - Level 3.2 Dodging
 - Level 2.0 Stealth


You had 4 spell levels left.
You didn't know any spells.
Your spell library was empty.

Dungeon Overview and Level Annotations

Branches:
Dungeon (3/15)

Altars:
Uskayaw

Shops:
D:1 [

Annotations:
D:3 Ijyb


Innate Abilities, Weirdness & Mutations

You have a beak for a mouth.
You have claws for feet.
Your magical nature lets you fly swiftly and evasively.


Message History

Ijyb is lightly wounded.
Ijyb closely misses you.
You closely miss Ijyb. Your kick misses Ijyb.
Ijyb is lightly wounded.
Ijyb barely misses you.
You closely miss Ijyb. You claw Ijyb, but do no damage.
Ijyb is lightly wounded.
Ijyb barely misses you.
You barely miss Ijyb. Your peck misses Ijyb.
Ijyb is lightly wounded.
You hit Ijyb.
Ijyb is moderately wounded.
Ijyb hits you with a +0 dagger.
You barely miss Ijyb.
Ijyb is moderately wounded.
Ijyb completely misses you.
You hit Ijyb but do no damage. Your kick misses Ijyb.
Ijyb is moderately wounded.
Ijyb zaps a wand.
The bolt of acid hits you!
* * * LOW HITPOINT WARNING * * *
The acid corrodes you!
You barely miss Ijyb. You claw Ijyb, but do no damage.
You peck Ijyb, but do no damage.
Ijyb is moderately wounded.
Ijyb screams, "It's all mine!"
Ijyb barely misses you.
You hit Ijyb but do no damage. You claw Ijyb.
Ijyb is moderately wounded.
Ijyb screams, "Level is mine!
All mine!"
Ijyb hits you with a +0 dagger.
* * * LOW HITPOINT WARNING * * *
You hit Ijyb but do no damage. You peck Ijyb, but do no damage.
Ijyb is moderately wounded.
Ijyb hits you with a +0 dagger.
* * * LOW HITPOINT WARNING * * *
You are confused.
You feel invigorated.
Ijyb screams, "It's all mine!"
Ijyb hits you with a +0 dagger.
You die...

##.# #.# #.# .# #####
###...##.# #.#..#
....#
.......#.######.#..###
###.# .#
#....#..............
#.# .#
#.............###.#
##†## .#
#..#.#########....#
##...#####.###..#.#
#.##.#
............##..#.#
#.#
##...#.##.......@.#
#.#
##...#.........g###
#.# ...#####........
#.# #....#........#.
#.# ###..#.##.....#.#
#.# ..#....#........#
#.# _.'.####..#.#####
#.# ..#.# #..#.# #.#
###.#
#..#.###############.#


You could see Ijyb.

Vanquished Creatures
  Jessica (D:2)
  Robin (D:2)
  2 adders
  2 worms
  2 dart slugs
  An orc (D:3)
  3 bats
  6 endoplasms
  2 giant cockroaches (D:1)
  11 goblins
  15 hobgoblins
  3 quokkas
  A ball python (D:1)
  A frilled lizard (D:2)
  7 kobolds
  5 rats
63 creatures vanquished.

Notes
Turn   | Place    | Note
-------+----------+-------------------------------------------
     0 | D:1      | Aneyh the Tengu Monk began the quest for the Orb.
     0 | D:1      | Reached XP level 1. HP: 14/14 MP: 2/2
   205 | D:1      | Reached XP level 2. HP: 19/19 MP: 3/3
   362 | D:1      | Reached skill level 4 in Fighting
   410 | D:1      | Found Veush's Antique Armour Emporium.
   430 | D:1      | Reached XP level 3. HP: 24/24 MP: 4/4
  1030 | D:2      | Reached XP level 4. HP: 29/30 MP: 5/5
  1113 | D:2      | Noticed Robin
  1135 | D:2      | Killed Robin
  1136 | D:2      | Reached skill level 5 in Fighting
  1319 | D:2      | Noticed Jessica
  1328 | D:2      | Killed Jessica
  1440 | D:2      | Gained mutation: Your magical nature lets you fly swiftly
                  | and evasively. [Tengu growth]
  1440 | D:2      | Reached XP level 5. HP: 34/35 MP: 6/6
  1688 | D:3      | Noticed a +0 falchion
  1689 | D:3      | Noticed a +0 short sword
  1692 | D:3      | Noticed a +0 spear
  1693 | D:3      | Noticed a +0 short sword
  1695 | D:3      | Noticed a +0 spear
  1696 | D:3      | Noticed a +0 dagger
  1702 | D:3      | Noticed a +0 falchion
  1711 | D:3      | Noticed a +0 dagger
  1779 | D:3      | Noticed Ijyb
  1922 | D:3      | Found a hide-covered altar of Uskayaw.
  2011 | D:3      | Slain by Ijyb

Illustrated notes

Levels and vault maps discovered:
D:1:      dpeg_arrival_chambers_temple_mockup, layout_basic, serial_shops,
          nicolae_shop_statue_plus, minmay_tetromino_s2
D:2:      layout_loops_ring, uniq_robin, uniq_jessica
D:3:      layout_loops_ring, nicolae_uskayaw_en_pointe, uniq_sigmund, uniq_ijyb,
          uniq_grinder

Skill      XL: |  1  2  3  4 |
---------------+-------------+-----
Fighting       | 4 5 |  5.7
Polearms       | |  3.2
Dodging        | |  3.2
Stealth        | |  2.0

Action                     |  1- 3 |  4- 6 || total
---------------------------+-------+-------++-------
  Melee: Spear             |    89 |    99 ||   188
         Kick              |    24 |    29 ||    53
         Peck              |    10 |    12 ||    22
         Punch             |     1 |     2 ||     3
  Throw: Throwing net      |       |     1 ||     1
    Use: Potion            |       |     1 ||     1
   Stab: Sleeping          |    10 |     3 ||    13
         Distracted        |       |     1 ||     1
 Armour: Robe              |    11 |     5 ||    16
         Animal skin       |       |    12 ||    12
  Dodge: Dodged            |    22 |    37 ||    59

Table legend: (Time is in decaauts)
 A = Elapsed time spent in this place.
 B = Non-inter-level travel time spent in this place.
 C = Inter-level travel time spent in this place.
 D = Time resting spent in this place.
 E = Time spent auto-exploring this place.
 F = Levels seen in this place.
 G = Mean time per level.
                   A        B        C        D        E       F      G
               +--------+--------+--------+--------+--------+-----+--------+
         Total |   1952 |   1922 |     30 |     74 |   1379 |   3 |  650.7 |
       Dungeon |   1952 |   1922 |     30 |     74 |   1379 |   3 |  650.7 |
               +--------+--------+--------+--------+--------+-----+--------+

Top non-repeatable levels by time:
     D:1: 957 daAuts
     D:2: 684 daAuts
     D:3: 310 daAuts
